 Dungeon Crawl Stone Soup version 0.28.0-43-g3370ac3207 (webtiles) character file.

Game seed: 6100806188065880062

566 terff the Shield-Bearer (level 7, -3/52 (60) HPs)
             Began as a Gnoll Fighter on Apr 1, 2022.
             Was an Initiate of Okawaru.
             Slain by a hell rat (12 damage)
             ... on level 5 of the Dungeon.
             The game lasted 00:07:41 (5050 turns).

terff the Shield-Bearer (Gnoll Fighter)             Turns: 5050, Time: 00:07:42

HP:   -3/52 (60)    AC:  6    Str: 17    XL:     7   Next: 32%
MP:   10/10         EV: 11    Int:  8    God:    Okawaru [......]
Gold: 247           SH:  5    Dex: 11    Spells: 10/10 levels left

rFire   . . .      SeeInvis .   a - +0 war axe
rCold   . . .      Faith    .   c - +0 buckler
rNeg    . . .      Spirit   .   o - +1 leather armour {rPois}
rPois   +          Reflect  .   (no helmet)
rElec   .          Harm     .   (no cloak)
rCorr   .          Rampage  .   (no gloves)
Will    .....                   w - +0 pair of boots
Stlth   ++........              (no amulet)
HPRegen 0.17/turn               g - +4 ring of slaying
MPRegen 0.12/turn               (no ring)

@: heavily drained
A: fangs 1, strong nose, distributed training
a: Renounce Religion


You were on level 5 of the Dungeon.
You worshipped Okawaru.
Okawaru was noncommittal.
You visited 2 branches of the dungeon, and saw 6 of its levels.

You collected 247 gold pieces.

Inventory:

Hand Weapons
 a - a +0 war axe (weapon)
 q - a +5 short sword
Armour
 b - a +0 scale mail
 c - a +0 buckler (worn)
 f - a +0 chain mail
 k - a scarf of harm
 o - a +1 leather armour of poison resistance (worn)
 w - a +0 pair of boots (worn)
Magical Staves
 l - a staff of fire
Jewellery
 g - a +4 ring of slaying (left hand)
 u - an amulet of the acrobat
Wands
 r - a wand of polymorph (9)
 s - a wand of paralysis (4)
Scrolls
 h - a scroll of magic mapping
 p - a scroll of fog
 v - a scroll of summoning {unknown}
Potions
 d - 3 potions of might
 e - 4 potions of curing
 i - a potion of heal wounds
 j - a potion of degeneration {unknown}
 m - a potion of mutation {unknown}
 n - a potion of attraction {unknown}
 t - a potion of haste {unknown}


   Skills:
 + Level 7.0 Fighting
 + Level 2.4 Short Blades
 + Level 2.4 Long Blades
 + Level 5.2 Axes
 + Level 2.4 Maces & Flails
 + Level 2.4 Polearms
 + Level 2.4 Staves
 + Level 2.4 Slings
 + Level 2.4 Bows
 + Level 2.4 Crossbows
 + Level 2.4 Throwing
 + Level 7.0 Armour
 + Level 2.4 Dodging
 + Level 2.4 Stealth
 + Level 7.0 Shields
 + Level 2.4 Unarmed Combat
 + Level 2.4 Spellcasting
 + Level 2.0 Conjurations
 + Level 2.0 Hexes
 + Level 2.0 Summonings
 + Level 2.0 Necromancy
 + Level 2.0 Translocations
 + Level 2.0 Transmutations
 + Level 2.0 Fire Magic
 + Level 2.0 Ice Magic
 + Level 2.0 Air Magic
 + Level 2.0 Earth Magic
 + Level 2.0 Poison Magic
 + Level 2.6 Invocations
 + Level 2.4 Evocations


You had 10 spell levels left.
You didn't know any spells.
Your spell library was empty.

Dungeon Overview and Level Annotations

Branches:
Dungeon (5/15)             Temple (1/1) D:5

Altars:
Okawaru
Trog
Uskayaw
Vehumet
Xom
Beogh


Innate Abilities, Weirdness & Mutations

You have very sharp teeth.
Your uncanny sense of smell can sniff out nearby items.
Your experience applies equally to all skills.


Message History

Okawaru accepts your kill. 3 river rats come into view.
The hell rat roars deafeningly!
You hear a deafening roar!
A hell rat comes into view.
You see here a river rat corpse.
There are monsters nearby! 2 hell rats and 7 river rats come into view.
Found the +2 ratskin cloak {*Rats rPois rN+ Str-1 Int-1 Dex+1}.
The hell rat misses you.
The hell rat roars deafeningly!
You hit the hell rat. Your bite misses the hell rat.
The hell rat is moderately wounded.
The hell rat bites you but does no damage.
A hell rat comes into view.
The hell rat moves out of view.
You see here a river rat corpse.
a - a +0 war axe (weapon)
The hell rat bites you.
You feel drained.
A hell rat comes into view.
You barely miss the hell rat.
You bite the hell rat, but do no damage.
The hell rat is moderately wounded.
The hell rat bites you!
You feel drained.
You slash the hell rat!
The hell rat is almost dead.
The hell rat bites you!
You feel drained. The hell rat bites you.
You feel drained.
You completely miss the hell rat.
The hell rat is almost dead.
The hell rat bites you.
You feel drained. The hell rat bites you.
The hell rat falls through a shaft!
The shaft crumbles and collapses.
The river rat twitches its whiskers.
You barely miss the hell rat. The hell rat misses you.
You slash the hell rat!
The hell rat is almost dead.
The hell rat bites you!
* * * LOW HITPOINT WARNING * * *
The hell rat bites you!
You die...

....<######### ## ..........[...
..# .....######### ## #.# .....#
.n #.# .###.# ##. #.#
##..########### ... #.######
#..###...rrrr### #.##.#.....
##.##...#†.r##rr#### #.......###
#.##. #r#######@#.# ###(..#.#
##.##.rr.rrr# ##†##. #...#.#.#
###.##..#r.r..####.#..#.....#....
#..##..r #rrr[##..##.....#######)
.######. r..##.####.###..#.8.#>.
#.###### #####.## # ###.....##
##...#.###.#..## ##8.>.8##
####.#...#.### #.......#
######### ∆ #.#.8.#.#


You could see 4 hell rats and a river rat.

Vanquished Creatures
  Duvessa (D:4)
  A scorpion (D:5)
  Dowan (D:4)
  A jelly (D:4)
  2 iguanas
  2 orc wizards
  7 adders
  6 river rats (D:5)
  A worm (D:2)
  3 dart slugs
  18 orcs
  9 ball pythons
  5 endoplasms
  3 giant cockroaches
  8 goblins
  4 hobgoblins
  4 quokkas
  10 bats
  6 frilled lizards
  9 kobolds
  6 rats
107 creatures vanquished.

Notes
Turn   | Place    | Note
-------+----------+-------------------------------------------
     0 | D:1      | terff the Gnoll Fighter began the quest for the Orb.
     0 | D:1      | Reached XP level 1. HP: 23/23 MP: 1/1
   197 | D:1      | Reached XP level 2. HP: 29/29 MP: 2/2
   771 | D:1      | Reached XP level 3. HP: 35/35 MP: 3/3
  1371 | D:2      | Reached skill level 1 in Invocations
  1574 | D:2      | Reached skill level 1 in Short Blades
  1574 | D:2      | Reached skill level 1 in Long Blades
  1574 | D:2      | Reached skill level 1 in Maces & Flails
  1574 | D:2      | Reached skill level 1 in Polearms
  1574 | D:2      | Reached skill level 1 in Staves
  1574 | D:2      | Reached skill level 1 in Slings
  1574 | D:2      | Reached skill level 1 in Bows
  1574 | D:2      | Reached skill level 1 in Crossbows
  1574 | D:2      | Reached skill level 1 in Throwing
  1574 | D:2      | Reached skill level 1 in Dodging
  1574 | D:2      | Reached skill level 1 in Stealth
  1574 | D:2      | Reached skill level 1 in Unarmed Combat
  1574 | D:2      | Reached skill level 1 in Spellcasting
  1574 | D:2      | Reached skill level 1 in Evocations
  1574 | D:2      | Reached XP level 4. HP: 34/41 MP: 5/5
  1695 | D:2      | Found a faded altar of an unknown god.
  1741 | D:2      | Reached skill level 1 in Conjurations
  1741 | D:2      | Reached skill level 1 in Hexes
  1741 | D:2      | Reached skill level 1 in Summonings
  1741 | D:2      | Reached skill level 1 in Necromancy
  1741 | D:2      | Reached skill level 1 in Translocations
  1741 | D:2      | Reached skill level 1 in Transmutations
  1741 | D:2      | Reached skill level 1 in Fire Magic
  1741 | D:2      | Reached skill level 1 in Ice Magic
  1741 | D:2      | Reached skill level 1 in Air Magic
  1741 | D:2      | Reached skill level 1 in Earth Magic
  1741 | D:2      | Reached skill level 1 in Poison Magic
  2324 | D:3      | Reached XP level 5. HP: 47/47 MP: 5/7
  3350 | D:4      | Reached XP level 6. HP: 53/53 MP: 8/8
  3490 | D:4      | Found a hide-covered altar of Uskayaw.
  3929 | D:4      | Noticed Dowan
  3930 | D:4      | Noticed Duvessa
  3936 | D:4      | Killed Duvessa
  3937 | D:4      | Reached skill level 5 in Axes
  3948 | D:4      | Killed Dowan
  4443 | D:5      | Entered Level 5 of the Dungeon
  4477 | D:5      | Noticed a necrophage
  4480 | D:5      | Found a staircase to the Ecumenical Temple.
  4490 | Temple   | Entered the Ecumenical Temple
  4555 | Temple   | Became a worshipper of Warmaster Okawaru
  4709 | D:5      | Reached XP level 7. HP: 59/59 MP: 10/10
  5035 | D:5      | Found the +2 ratskin cloak {*Rats rPois rN+ Str-1 Int-1
                  | Dex+1}
  5050 | D:5      | Slain by a hell rat

Illustrated notes

Levels and vault maps discovered:
D:1:      erik_arrival_cave_to_civilisation [erik_arrival_cave_to_hall],
          layout_loops_ring, nicolae_concentric_dashed_squares_wild
D:2:      layout_rooms, hellmonk_ecumenical_altar_defaced_shrine
D:3:      layout_basic
D:4:      layout_basic, nicolae_uskayaw_dance_hall, uniq_duvessa
D:5:      wander_guarded_unrand_ratskin, layout_loops_ring,
          minmay_temple_entry_statues_pillars
Temple:   nicolae_temple_figure_eight

Skill      XL: |  1  2  3  4  5  6  7 |
---------------+----------------------+-----
Invocations    | 1 2 |  2.6
Short Blades   | 1 2 |  2.4
Long Blades    | 1 2 |  2.4
Maces & Flails | 1 2 |  2.4
Polearms       | 1 2 |  2.4
Staves         | 1 2 |  2.4
Slings         | 1 2 |  2.4
Bows           | 1 2 |  2.4
Crossbows      | 1 2 |  2.4
Throwing       | 1 2 |  2.4
Dodging        | 1 2 |  2.4
Stealth        | 1 2 |  2.4
Unarmed Combat | 1 2 |  2.4
Spellcasting   | 1 2 |  2.4
Evocations     | 1 2 |  2.4
Conjurations   | 1 2 |  2.0
Hexes          | 1 2 |  2.0
Summonings     | 1 2 |  2.0
Necromancy     | 1 2 |  2.0
Translocations | 1 2 |  2.0
Transmutations | 1 2 |  2.0
Fire Magic     | 1 2 |  2.0
Ice Magic      | 1 2 |  2.0
Air Magic      | 1 2 |  2.0
Earth Magic    | 1 2 |  2.0
Poison Magic   | 1 2 |  2.0
Axes           | 5 |  5.2
Fighting       | 7 |  7.0
Armour         | 7 |  7.0
Shields        | 7 |  7.0

Action                   |  1- 3 |  4- 6 |  7- 9 || total
-------------------------+-------+-------+-------++-------
Melee: War axe           |    73 |    96 |     5 ||   174
       Bite              |     6 |    18 |     2 ||    26
       Short sword       |       |    27 |    34 ||    61
  Use: Scroll            |     1 |     6 |       ||     7
 Stab: Sleeping          |       |     1 |     2 ||     3
Armor: Scale mail        |     8 |       |       ||     8
       Chain mail        |    27 |    46 |       ||    73
       Leather armour    |       |    15 |    10 ||    25
Dodge: Dodged            |    32 |    54 |    14 ||   100
Block: Buckler           |    24 |    41 |     7 ||    72
